 Dungeon Crawl Stone Soup version 0.29-a0-517-gbdf32494f2 (webtiles) character file.

Game seed: 1123481353597500165

68 NateTC the Sneak (level 4, -3/21 HPs)
             Began as a Spriggan Enchanter on May 30, 2022.
             Was an Initiate of Dithmenos.
             Slain by an orc
             ... wielding a +0 flail
              (6 damage)
             ... on level 3 of the Dungeon.
             The game lasted 00:08:53 (3900 turns).

NateTC the Sneak (Spriggan Enchanter)               Turns: 3900, Time: 00:08:54

Health: -3/21      AC:  2    Str:  4    XL:     4   Next: 1%
Magic:  9/9        EV: 17    Int: 16    God:    Dithmenos [......]
Gold:   55         SH:  0    Dex: 17    Spells: 2/8 levels left

rFire   . . .      SeeInvis +   a - +1 dagger
rCold   . . .      Faith    .   (no shield)
rNeg    . . .      Spirit   .   b - +0 robe
rPois   .          Reflect  .   (helmet restricted)
rElec   .          Harm     .   (no cloak)
rCorr   .          Rampage  .   (gloves unavailable)
Will    .....                   (boots unavailable)
Stlth   ++++......              (no amulet)
HPRegen 0.07/turn               (no ring)
MPRegen 0.11/turn               (no ring)

@: very quick
A: very small, no large weapons, unfitting armour, see invisible, speed 3
a: Renounce Religion


You were on level 3 of the Dungeon.
You worshipped Dithmenos.
Dithmenos was noncommittal.
You visited 1 branch of the dungeon, and saw 3 of its levels.

You collected 55 gold pieces.

Inventory:

Hand Weapons
 a - a +1 dagger (weapon)
Armour
 b - a +0 robe (worn)
Scrolls
 j - a scroll of identify
Potions
 c - 2 potions of invisibility
 d - a potion of magic
 e - a potion of degeneration
 f - a potion of haste
 g - a potion of attraction {unknown}
 h - 2 potions of resistance
 i - 2 potions of lignification
 l - a potion of curing {unknown}
 n - a potion of mutation {unknown}


   Skills:
 - Level 2.0 Short Blades
 - Level 2.6 Dodging
 * Level 7.1 Stealth
 - Level 2.6 Spellcasting
 - Level 3.6 Hexes


You had 2 spell levels left.
You knew the following spells:

 Your Spells              Type           Power      Damage    Failure   Level
a - Confusing Touch       Hex            13%        N/A       13%         3
b - Tukima's Dance        Hex            13%        N/A       13%         3

Your spell library contained the following spells:

 Spells                   Type           Power      Damage    Failure   Level
 Ensorcelled Hibernation  Hex/Ice        14%        N/A       14%         2
 Dazzling Flash           Conj/Hex       14%        N/A       28%         3


Dungeon Overview and Level Annotations

Branches:
Dungeon (3/15)

Altars:
Dithmenos


Innate Abilities, Weirdness & Mutations

You are very small and have problems with some larger weapons.
You are too small for most types of armour.
You have supernaturally acute eyesight. (SInv)
You cover ground extremely quickly. (Speed+++)


Message History

The bat misses you. The bat closely misses you. The bat completely misses you.
You hit the bat but do no damage. The bat hits you but does no damage.
You closely miss the bat. The bat barely misses you.
The bat closely misses you.
You closely miss the bat. The bat hits you but does no damage.
You closely miss the bat. The bat misses you.
You hit the bat.
The bat is severely wounded.
The bat hits you. The bat misses you.
You barely miss the bat. You punch the bat, but do no damage.
The bat is moderately wounded.
The bat hits you. The bat hits you but does no damage.
You hit the bat.
You kill the bat!
Dithmenos accepts your kill.
No target in view!
There is an open door here.
Found a stone staircase leading down.
An orc comes into view. It is wielding a +0 whip.
A frilled lizard and an orc come into view.
The helpless orc fails to defend itself.
You impale the orc!!
You kill the orc!
Dithmenos accepts your kill.
The frilled lizard hisses angrily.
The orc shouts!
You have reached level 4!
You hit the orc but do no damage. The orc hits you with a +0 flail!
You hit the orc but do no damage. You punch the orc.
The orc is moderately wounded.
The orc misses you.
You hit the orc but do no damage.
The orc is moderately wounded.
The orc hits you with a +0 flail!
* * * LOW HITPOINT WARNING * * *
You hit the orc but do no damage.
The orc is moderately wounded.
The orc hits you with a +0 flail.
You die...

######### #####
........### #)..#
#.......####@#.##
+.......+.lo...>#
#..)....######.##
#.......# #.#
#.......# #.#
#.....†.# #.#
#.......# #.#
#####'########.#
#..........#


You could see an orc and a frilled lizard.

Vanquished Creatures
  An adder (D:2)
  An orc (D:3)
  6 ball pythons
  6 endoplasms (D:1)
  3 giant cockroaches
  7 goblins (D:2)
  7 hobgoblins
  2 quokkas (D:1)
  5 bats
  7 kobolds
  5 rats (D:1)
50 creatures vanquished.

Vanquished Creatures (others)
  A fungus (D:1)
  7 plants (D:1)
8 creatures vanquished.

Grand Total: 58 creatures vanquished

Notes
Turn   | Place    | Note
-------+----------+-------------------------------------------
     0 | D:1      | NateTC the Spriggan Enchanter began the quest for the Orb.
     0 | D:1      | Reached XP level 1. HP: 9/9 MP: 5/5
   316 | D:1      | Reached skill level 5 in Stealth
   331 | D:1      | Reached XP level 2. HP: 12/13 MP: 6/6
  2118 | D:1      | Found a faded altar of an unknown god.
  2259 | D:1      | Reached XP level 3. HP: 14/16 MP: 8/8
  2487 | D:2      | Reached skill level 6 in Stealth
  2636 | D:2      | Found a shadowy altar of Dithmenos.
  2644 | D:2      | Became a worshipper of Dithmenos the Shadowed
  2673 | D:2      | Learned a level 3 spell: Confusing Touch
  2677 | D:2      | Learned a level 3 spell: Tukima's Dance
  3686 | D:3      | Reached skill level 7 in Stealth
  3897 | D:3      | Reached XP level 4. HP: 19/21 MP: 9/9
  3900 | D:3      | Slain by an orc

Illustrated notes

Levels and vault maps discovered:
D:1:      dpeg_arrival_oval, layout_loops_ring,
          shapermc_ecumenical_altar_hornbeckon, minmay_misc_feat_enclosed,
          minmay_misc_feat_ornament, corexii_leaking_fountain,
          kennysheep_another_room
D:2:      kennysheep_the_goblin_king, layout_basic, basic_altar
D:3:      layout_basic, serial_shops, shop, uniq_sigmund

Skill      XL: |  1  2  3 |
---------------+----------+-----
Stealth        | 5 7 |  7.1
Short Blades   | 2 |  2.0
Dodging        | |  2.6
Spellcasting   | |  2.6
Hexes          | |  3.6

Action                   |  1- 3 |  4- 6 || total
-------------------------+-------+-------++-------
Melee: Dagger            |   180 |     4 ||   184
       Punch             |     2 |     1 ||     3
  Use: Scroll            |    11 |       ||    11
 Stab: Sleeping          |    11 |       ||    11
       Distracted        |     1 |       ||     1
Armor: Robe              |    24 |       ||    24
Dodge: Dodged            |   149 |     1 ||   150

Table legend: (Time is in decaauts)
 A = Elapsed time spent in this place.
 B = Non-inter-level travel time spent in this place.
 C = Inter-level travel time spent in this place.
 D = Time resting spent in this place.
 E = Time spent auto-exploring this place.
 F = Levels seen in this place.
 G = Mean time per level.
                   A        B        C        D        E       F      G
               +--------+--------+--------+--------+--------+-----+--------+
         Total |   3182 |   3118 |     64 |   1808 |    372 |   3 | 1060.7 |
       Dungeon |   3182 |   3118 |     64 |   1808 |    372 |   3 | 1060.7 |
               +--------+--------+--------+--------+--------+-----+--------+

Top non-repeatable levels by time:
     D:1: 2064 daAuts
     D:2: 925 daAuts
     D:3: 192 daAuts
